 Dungeon Crawl Stone Soup version 0.27.1-34-g3ba077fa99 (webtiles) character file.

Game seed: 15641492044941023210

43 Romesagentofchaos the Sneak (level 3, -1/24 HPs)
             Began as an Octopode Brigand on Jan 25, 2022.
             Slain by an iguana (4 damage)
             ... on level 2 of the Dungeon.
             The game lasted 00:04:37 (959 turns).

Romesagentofchaos the Sneak (Octopode Brigand)       Turns: 959, Time: 00:04:38

Health: -1/24      AC:  1    Str: 10    XL:     3   Next: 58%
Magic:  3/3        EV: 12    Int: 13    God:
Gold:   58         SH:  0    Dex: 14    Spells: 2/2 levels left

rFire    . . .     SeeInvis +   a - +2 dagger
rCold    . . .     Faith    .   (no shield)
rNeg     . . .     Spirit   .   (helmet restricted)
rPois    .         Reflect  .   (no amulet)
rElec    .         Harm     .   e - ring of see invisible
rCorr    .         Rampage  .   (no ring)
Will     .....                  (no ring)
Stlth    ++++......             (no ring)
HPRegen  0.08/turn              (no ring)
MPRegen  0.08/turn              (no ring)
                                (no ring)
                                (no ring)

@: lethally poisoned (-1 -> -6)
A: almost no armour, amphibious, 8 rings, camouflage 1, gelatinous body 1,
(nimble swimmer 1), tentacles
a: no special abilities


You were on level 2 of the Dungeon.
You visited 1 branch of the dungeon, and saw 2 of its levels.

You collected 58 gold pieces.

Inventory:

Hand Weapons
 a - a +2 dagger (weapon)
Missiles
 b - 8 poisoned darts (quivered)
 c - 2 curare-tipped darts
Magical Staves
 d - a staff of earth
Jewellery
 e - a ring of see invisible (left tentacle)


   Skills:
 + Level 2.3 Fighting
 + Level 2.1 Short Blades
 + Level 2.1 Throwing
 + Level 1.0 Dodging
 + Level 6.7 Stealth


You had 2 spell levels left.
You didn't know any spells.
Your spell library contained the following spells:

 Spells                   Type           Power      Damage    Failure   Level
 Foxfire                  Conj/Fire      0%         2x1d4     30%         1
 Conjure Flame            Conj/Fire      0%         6-21      67%         3
 Inner Flame              Hex/Fire       0%         N/A       67%         3


Dungeon Overview and Level Annotations

Branches:
Dungeon (2/15)

Altars:


Innate Abilities, Weirdness & Mutations

You cannot wear most types of armour.
You are amphibious.
You can wear up to eight rings at the same time.
Your skin changes colour to match your surroundings (Stealth+).
Your rubbery body absorbs attacks. (AC +1, EV +1)
((You are camouflaged near water. (Stealth+)))
You have tentacles for arms and can constrict up to eight enemies at once.


Message History

You impale the endoplasm!!
You kill the endoplasm!
The adder hisses angrily.
A dart slug comes into view.
You miss the adder. You grab the adder. You constrict the adder.
The adder closely misses you. The adder barely misses you.
You closely miss the adder. You grab the adder. You constrict the adder. x2
The adder completely misses you. The adder bites you.
You hit the adder.
The adder is lightly wounded.
You constrict the adder. x2; The adder bites you.
You are poisoned.
The adder poisons you! The adder misses you.
You barely miss the adder.
The adder is moderately wounded.
You constrict the adder. x2; You feel sick.
The adder barely misses you. The adder bites you. x2
You are lethally poisoned!
The adder poisons you!
You hit the adder.
The adder is severely wounded.
You constrict the adder. x2
* * * LOW HITPOINT WARNING * * *
You feel sick. The adder bites you.
* * * LOW HITPOINT WARNING * * *
The adder barely misses you.
You hit the adder but do no damage.
The adder is almost dead.
You constrict the adder.
You kill the adder!
You constrict the adder.
You kill the adder!
* * * LOW HITPOINT WARNING * * *
You feel sick.
Unknown command.
You hit the iguana. Your grab misses the iguana. You squeeze the iguana!
The iguana is severely wounded.
* * * LOW HITPOINT WARNING * * *
You feel sick. The iguana bites you.
You die...

#.# #..##..
#.###.......
#.#......... #
#.#.........
..######.#.#$......
...>...$...#..>....
#........l†......
#.....@?.....w
###.....#.......
#.....<###..##..
........## ....
.g.....#.# ##...
g........# #.
g..##.#### ### #.
..


You could see an iguana and a dart slug.

Vanquished Creatures
  2 adders (D:2)
  5 ball pythons (D:1)
  2 endoplasms
  A giant cockroach (D:1)
  3 goblins (D:1)
  4 bats (D:1)
  4 frilled lizards (D:1)
  3 kobolds (D:1)
  3 rats (D:1)
27 creatures vanquished.

Vanquished Creatures (others)
  An endoplasm (D:1)
1 creature vanquished.

Grand Total: 28 creatures vanquished

Notes
Turn   | Place    | Note
-------+----------+-------------------------------------------
     0 | D:1      | Romesagentofchaos the Octopode Brigand began the quest for
                  | the Orb.
     0 | D:1      | Reached XP level 1. HP: 14/14 MP: 1/1
   226 | D:1      | Reached XP level 2. HP: 8/19 MP: 2/2
   592 | D:1      | Reached skill level 6 in Stealth
   599 | D:1      | Identified a scroll of acquirement
   599 | D:1      | Acquired a ring of see invisible
   886 | D:1      | Reached XP level 3. HP: 24/24 MP: 3/3
   959 | D:2      | Slain by an iguana

Illustrated notes

Levels and vault maps discovered:
D:1:      saegor_arrival_simple_a, layout_basic, chequers_serial_rivers_small_b,
          lemuel_another_geyser
D:2:      layout_rooms, basic_altar, serial_shops, shop, st_stairs_5,
          uniq_jessica

Skill      XL: |  1  2 |
---------------+-------+-----
Stealth        | 6 |  6.7
Fighting       | |  2.3
Short Blades   | |  2.1
Throwing       | |  2.1
Dodging        | |  1.0

Action                   || total
-------------------------++-------
Melee: Dagger            ||    36
       Tentacles         ||     5
       Constrict         ||     5
Throw: Dart              ||     1
  Use: Scroll            ||     5
 Stab: Sleeping          ||    16
Armor: Skin              ||     2
Dodge: Dodged            ||    21
